 Dungeon Crawl Stone Soup version 0.30.0-29-ga12c61a403 (webtiles) character file.

Game seed: 17263968968431389050

282 safid the Chiller (level 6, 0/47 HPs)
             Began as a Merfolk Ice Elementalist on June 9, 2023.
             Slain by a mummy (14 damage)
             ... on level 4 of the Dungeon.
             The game lasted 00:06:05 (3632 turns).

safid the Chiller (Merfolk Ice Elementalist)        Turns: 3632, Time: 00:06:06

Health: 0/47       AC:  3    Str:  8    XL:     6   Next: 28%
Magic:  10/11      EV: 12    Int: 17    God:
Gold:   133        SH:  0    Dex: 14    Spells: 5/12 levels left

rFire   . . .        g - +0 dagger
rCold   . . .        (no shield)
rNeg    + . .        a - +0 robe
rPois   .            (no helmet)
rElec   .            l - +0 cloak
rCorr   .            (no gloves)
SInv    .            (no boots)
Will    .....        (no amulet)
Stlth   ++           f - ring of positive energy
HPRegen 0.27/turn    (no ring)
MPRegen 0.12/turn

%: no passive effects
@: no status effects
A: (nimble swimmer 2), mertail
a: no special abilities


You were on level 4 of the Dungeon.
You visited 1 branch of the dungeon, and saw 4 of its levels.

You collected 133 gold pieces.

Inventory:

Hand Weapons
 g - a +0 dagger (weapon)
Armour
 a - a +0 robe (worn)
 l - a +0 cloak (worn)
Jewellery
 f - a ring of positive energy (left hand)
Scrolls
 c - a scroll of immolation {unknown}
 d - a scroll of fear {unknown}
 k - 3 scrolls of identify {unknown}
 m - a scroll of poison {unknown}
 n - a scroll of teleportation {unknown}
 p - a scroll of enchant armour {unknown}
 r - a scroll of fog {unknown}
Potions
 b - a potion of magic
 e - 2 potions of mutation {unknown}
 h - a potion of berserk rage {unknown}
 i - 2 potions of haste {unknown}
 j - 3 potions of curing
 o - a potion of cancellation {unknown}
 q - a potion of heal wounds {unknown}


   Skills:
 + Level 3.6 Fighting
 - Level 2.6 Dodging
 - Level 2.1 Stealth
 + Level 3.7 Spellcasting
 + Level 5.8 Ice Magic


You had 5 spell levels left.
You knew the following spells:

 Your Spells              Type           Power      Damage    Failure   Level
a - Freeze                Ice            92%        1d9       1%          1
b - Frozen Ramparts       Ice            46%        1d7       4%          3
c - Ozocubu's Armour      Ice            23%        N/A       4%          3

Your spell library contained the following spells:

 Spells                   Type           Power      Damage    Failure   Level
 Shock                    Conj/Air       12%        1d3       16%         1
 Lesser Beckoning         Tloc           6%         N/A       24%         2
 Poisonous Vapours        Pois/Air       6%         N/A       24%         2
 Gell's Gravitas          Tloc           3%         N/A       43%         3
 Mephitic Cloud           Conj/Pois/Air  3%         N/A       43%         3
 Swiftness                Air            3%         N/A       43%         3
 Teleport Other           Tloc           3%         N/A       43%         3
 Summon Ice Beast         Ice/Summ       13%        N/A       43%         4
 Airstrike                Air            1%         2d(1-17)  85%         4
 Freezing Cloud           Conj/Ice/Air   4%         6-21      90%         5


Dungeon Overview and Level Annotations

Branches:
Dungeon (4/15)
 Temple: D:4-7

Altars:
Nemelex Xobeh

Shops:
D:3 [

Portals:
Ossuary: D:4

Annotations:
D:3 Grinder
D:4 Eustachio


Innate Abilities, Weirdness & Mutations

((You are very nimble when in or above water. (Stealth+, EV+, Speed+++)))
Your lower body shifts to a powerful aquatic tail in water.


Message History

You hit the orc zombie.
You destroy the orc zombie!
There is an open door here.
You open the door.
A mummy comes into view.
Found a sand-covered staircase.
There is an open door here.
The helpless mummy fails to defend itself.
You puncture the mummy!
The mummy is moderately damaged.
The hobgoblin barely misses you. The mummy hits you!
You barely miss the mummy.
The mummy is moderately damaged.
The hobgoblin barely misses you. The mummy barely misses you.
You hit the mummy.
The mummy is moderately damaged.
The hobgoblin barely misses you.
You hit the hobgoblin.
The hobgoblin is moderately wounded.
The hobgoblin closely misses you. The mummy hits you!
Unknown command.
You barely miss the hobgoblin.
The hobgoblin is moderately wounded.
The hobgoblin hits you.
Unknown command.
You closely miss the hobgoblin.
The hobgoblin is moderately wounded.
The hobgoblin hits you.
* * * LOW HITPOINT WARNING * * *
The mummy barely misses you.
Unknown command.
Casting: Frozen Ramparts (dangerous; 4% risk of failure)
Confirm with . or Enter, or press ? or * to list all spells.
Aiming: Freeze (safe; 1% risk of failure)
Press: ? - help, Shift-Dir - straight line, f - hobgoblin
Aim: a hobgoblin (moderately wounded)
You freeze the hobgoblin!
You kill the hobgoblin!
The mummy hits you!
You die...

#.##.##....... #
#.>............ ##
.............#. ##.
.........##.### .. ##..
#........# # ...#...
##........# .##.
.......##...##..###.....
......................#
...###@###.###'###..#
.##M##...##.##...##.
..###.....###.......
...#..))...#........
....###)###..#......
#....##.##...#.##..#
#..#..###....#.# ##
#......#..#.....#
.........##.......


You could see a mummy.

Vanquished Creatures
  An orc priest (D:3)
  Jessica (D:2)
  2 orc wizards
  9 gnolls
  2 adders
  2 worms (D:2)
  6 orcs
  3 endoplasms
  3 giant cockroaches
  11 hobgoblins
  7 kobolds
  2 quokkas
  3 ball pythons
  2 bats (D:2)
  3 frilled lizards
  4 goblins
  A hobgoblin zombie (D:4)
  An orc zombie (D:4)
  A rat (D:3)
64 creatures vanquished.

Notes
Turn   | Place    | Note
-------+----------+-------------------------------------------
     0 | D:1      | safid the Merfolk Ice Elementalist began the quest for the
                  | Orb.
     0 | D:1      | Reached XP level 1. HP: 13/13 MP: 3/3
   294 | D:1      | Reached XP level 2. HP: 18/20 MP: 0/5
   550 | D:1      | Found a faded altar of an unknown god.
   638 | D:1      | Reached skill level 1 in Fighting
  1227 | D:2      | Reached XP level 3. HP: 26/26 MP: 2/6
  1403 | D:2      | Learned a level 3 spell: Frozen Ramparts
  1421 | D:2      | Learned a level 3 spell: Ozocubu's Armour
  1747 | D:2      | Reached skill level 5 in Ice Magic
  1747 | D:2      | Reached XP level 4. HP: 30/33 MP: 0/8
  2042 | D:2      | Noticed Jessica
  2050 | D:2      | Killed Jessica
  2139 | D:2      | Reached XP level 5. HP: 38/39 MP: 6/9
  2620 | D:3      | Found Hoifumox's Armour Shop.
  2651 | D:3      | Noticed Grinder
  2658 | D:3      | Paralysed by Grinder for 4 turns
  2672 | D:3      | Paralysed by Grinder for 4 turns
  2678 | D:3      | Paralysed by Grinder for 5 turns
  3231 | D:3      | Found a sparkling altar of Nemelex Xobeh.
  3344 | D:3      | Reached XP level 6. HP: 28/47 MP: 7/11
  3548 | D:4      | Noticed Eustachio
  3624 | D:4      | Found a sand-covered staircase.
  3632 | D:4      | Slain by a mummy

Illustrated notes

Levels and vault maps discovered:
D:1:      wheals_arrival_linesprint, layout_loops_ring, basic_ecumenical_altar,
          minmay_parallelograms
D:2:      layout_loops_corners, minmay_split_cup_small, uniq_jessica
D:3:      layout_loops_ring, nemelex_dance_club_becter, serial_shops,
          nicolae_shop_behind_doors, minmay_misc_feat_diagonals, uniq_grinder
D:4:      layout_cave_pools, nicolae_ossuary_entry_giza, nicolae_specific_store,
          uniq_eustachio, uniq_pargi

Skill      XL: |  1  2  3  4  5 |
---------------+----------------+-----
Fighting       | 1 2 3 |  3.6
Ice Magic      | 5 |  5.8
Spellcasting   | 3 |  3.7
Dodging        | |  2.6
Stealth        | |  2.1

Action                     |  1- 3 |  4- 6 || total
---------------------------+-------+-------++-------
  Melee: Unarmed           |     4 |       ||     4
         Dagger            |    30 |    60 ||    90
         Punch             |       |     1 ||     1
   Cast: Freeze            |    32 |    37 ||    69
         Frozen Ramparts   |     2 |     5 ||     7
         Ozocubu's Armour  |     1 |     3 ||     4
   Stab: Sleeping          |     2 |     3 ||     5
 Armour: Robe              |     8 |    12 ||    20
  Dodge: Dodged            |    40 |    57 ||    97
